 Dungeon Crawl Stone Soup version 0.28-a0-514-g0d7ab7f379 (webtiles) character file.

Game seed: 13453913090345595096

150092 robertstho the Warrior (level 16, -9/157 HPs)
             Began as a Pale Draconian Berserker on Sept 22, 2021.
             Was the Champion of Trog.
             Mangled by an alligator snapping turtle (26 damage)
             ... on level 1 of the Shoals.
             The game lasted 00:47:23 (26310 turns).

robertstho the Warrior (Pale Draconian Berserker)  Turns: 26310, Time: 00:47:24

Health: -9/157     AC: 22    Str: 28      XL:     16   Next: 68%
Magic:  16/16      EV: 25    Int:  6 (7)  God:    Trog [******]
Gold:   2174       SH: 17    Dex: 18      Spells: 15/15 levels left

rFire   . . .      SeeInvis .   D - +3 war axe (venom)
rCold   . . .      Faith    .   q - +0 kite shield
rNeg    . . .      Spirit   .   (armour unavailable)
rPois   +          Reflect  +   T - +1 hat
rElec   .          Harm     .   c - +2 cloak {rPois}
rCorr   .          Rampage  .   K - +1 pair of gloves {Stlth+}
Will    +....                   x - +2 pair of boots
Stlth   ++++......              J - amulet of reflection
HPRegen 0.36/turn               U - +4 ring of protection
MPRegen 0.15/turn               H - ring of Viemep {EV+4 Str+2 Dex+6}

@: on berserk cooldown, slowed, very slow
A: breathe steam, AC +9, unfitting armour, cold-blooded, steam resistance
}: 1/15 runes: gossamer
a: Breathe Steam, Renounce Religion, Berserk, Trog's Hand, Brothers in Arms


You were on level 1 of the Shoals.
You worshipped Trog.
Trog was exalted by your worship.
You visited 5 branches of the dungeon, and saw 26 of its levels.

You collected 2767 gold pieces.
You spent 593 gold pieces at shops.

Inventory:

Hand Weapons
 y - a +0 broad axe of flaming
 D - a +3 war axe of venom (weapon)
 N - a +1 battleaxe of venom
 Y - a +5 broad axe
Armour
 c - a +2 cloak of poison resistance (worn)
 l - a scarf of invisibility
 q - a +0 kite shield (worn)
 x - a +2 pair of boots (worn)
 K - a +1 pair of gloves of stealth (worn)
 Q - a scarf of resistance
 T - a +1 hat (worn)
 V - a +0 buckler of fire resistance
Jewellery
 m - a ring of positive energy
 u - an amulet of regeneration
 C - a ring of see invisible
 E - a ring of ice
 H - the ring of Viemep (right hand) {EV+4 Str+2 Dex+6}
   (You found it on level 11 of the Dungeon)

   [ring of evasion]

   EV:        It affects your evasion (+4).
   Str:       It affects your strength (+2).
   Dex:       It affects your dexterity (+6).
 J - an amulet of reflection (around neck)
 R - a ring of ice
 S - a ring of resist corrosion
 U - a +4 ring of protection (left hand)
Wands
 r - a wand of iceblast (10)
 t - a wand of polymorph (11)
 v - a wand of mindburst (26)
 O - a wand of acid (10)
Scrolls
 d - 6 scrolls of teleportation
 f - a scroll of holy word
 g - 3 scrolls of magic mapping
 h - 4 scrolls of enchant armour
 i - 2 scrolls of summoning
 j - a scroll of fear
 n - 6 scrolls of fog
 M - 3 scrolls of enchant weapon
 W - a scroll of immolation
Potions
 b - 7 potions of ambrosia
 e - 5 potions of magic
 k - 3 potions of haste
 o - a potion of cancellation
 p - 3 potions of mutation
 s - 3 potions of might
 w - 3 potions of attraction
 A - 2 potions of flight {unknown}
 B - 3 potions of invisibility
 F - 2 potions of curing
 G - 3 potions of heal wounds
Miscellaneous
 a - a tin of tremorstones (2/2)
 z - a lightning rod (4/4)
 P - a condenser vane
 X - a box of beasts


   Skills:
 * Level 18.0 Fighting
 + Level 17.0 Axes
 * Level 15.7 Dodging
 + Level 5.6 Stealth
 + Level 9.6 Shields


You had 15 spell levels left.
You didn't know any spells.
Your spell library was empty.

Dungeon Overview and Level Annotations

Branches:
Dungeon (13/15)            Temple (0/1) D:7            Lair (6/6) D:11
 Shoals (1/4) Lair:4       Spider (4/4) Lair:2        Slime (0/5) Lair:5
    Orc (2/2) D:12            Elf (0/3) Orc:2
 Vaults: D:13-14

Altars:
Cheibriados
Dithmenos
Elyvilon
Fedhas
Hepliaklqana
Makhleb
Nemelex Xobeh
Ru
Trog
Wu Jian
Xom
Beogh

Shops:
D:6 [   D:8 *:   D:11 [   Orc:1 [   Orc:2 *(**

Annotations:
Lair:2 exclusion: oklob plant


Innate Abilities, Weirdness & Mutations

You can breathe blasts of scalding, opaque steam.
Your pale cyan-grey scales are hard. (AC +9)
You cannot fit into any form of body armour.
You are cold-blooded and may be slowed by cold attacks.
You are immune to the effects of steam.


Message History

Your unstable footing causes you to fumble your attack.
The faun points at you and mumbles some strange words.
You resist with significant effort.
You slash the faun!
The faun looks as sick as possible!
The faun is moderately wounded.
The merfolk javelineer completely misses you.
The snapping turtle bites you but does no damage.
The alligator snapping turtle bites you from afar!!
* * * LOW HITPOINT WARNING * * *
You are no longer berserk.
You are exhausted.
You feel yourself slow down. You block the faun's attack.
You block the merfolk javelineer's attack.
The snapping turtle misses you.
As you read the scroll of fear, it crumbles to dust.
You assume a fearsome visage.
The alligator snapping turtle looks frightened!
The snapping turtle looks frightened!
The merfolk javelineer looks frightened!
The faun looks frightened!
The merfolk javelineer pleads, "Please don't kill me!"
The alligator snapping turtle seems to regain its courage.
The snapping turtle seems to regain its courage.
The faun seems to regain its courage.
The merfolk javelineer throws a silver javelin.
The silver javelin pierces through you!
* * * LOW HITPOINT WARNING * * *
x2 You block the snapping turtle's attack.
As you read the scroll of fog, it crumbles to dust.
The scroll dissolves into smoke.
The snapping turtle closely misses you.
The alligator snapping turtle barely misses you.
The snapping turtle completely misses you.
You block the alligator snapping turtle's attack.
You block the snapping turtle's attack.
The merfolk javelineer throws a silver javelin.
The silver javelin pierces through you!
* * * LOW HITPOINT WARNING * * *
x2
Found 18 stones.
The alligator snapping turtle bites you from afar!!
You die...

≈≈≈≈≈≈≈≈≈≈≈≈≈≈≈≈≈≈≈≈≈≈≈
≈≈≈≈≈≈m≈≈≈≈≈≈≈≈≈≈≈≈≈≈≈
≈≈≈≈≈≈≈≈≈≈≈≈≈≈≈≈≈≈≈≈≈≈
≈≈≈≈≈§≈§§§)##.≈≈≈≈≈≈≈
≈≈≈≈≈≈§§§§§.##.≈≈≈≈≈≈
≈≈≈≈≈§§tm§§...≈≈≈≈≈≈
P≈≈≈≈§§§§t...≈≈≈≈≈≈
≈≈≈≈≈≈§§§§.†.≈≈≈≈≈
≈≈≈≈≈≈§@##†..≈≈≈≈≈
≈≈≈≈≈≈≈§.....[≈≈≈.
P≈≈..≈≈..(..≈≈≈≈..
≈≈PP......≈≈≈≈≈≈..
P..###.≈≈≈≈≈≈≈≈≈.. P≈.
#...≈≈≈≈≈≈≈≈. ≈.
....≈≈≈≈≈≈≈(.
.≈≈.(≈≈≈≈≈


You could see an alligator snapping turtle.

Vanquished Creatures
  Mlioglotl (Spider:3)
  Roxanne (Spider:3)
  3 ghost moths (Spider:4)
  4 emperor scorpions
  The ghost of Tiah the Grappler, a journeyman TrMo of Jiyva (Lair:6)
  3 entropy weavers
  The ghost of Dootley the Carver, a journeyman FoFi of Dithmenos (Orc:1)
  2 dire elephants (Lair:6)
  A spark wasp (Spider:4)
  Josephine (Orc:1)
  7 hydras
  Erica (Orc:1)
  3 boulder beetles
  2 centaur warriors
  2 catoblepae
  An alligator (Lair:6)
  14 death yaks
  3 orc high priests
  A spectral anaconda (Lair:6)
  A spectral death yak (Lair:6)
  A sea snake (Shoals:1)
  An obsidian statue (Lair:6)
  3 orc knights (Orc:2)
  12 orb spiders
  A deep elf pyromancer (D:13)
  A deep elf zephyrmancer (D:9)
  3 necromancers (Lair:6)
  4 fauns (Shoals:1)
  An ugly thing (D:12)
  3 orc sorcerers
  2 moths of wrath
  24 wolf spiders
  2 cyclopes
  22 elephants
  5 black mambas
  A manticore (D:11)
  A dire elephant zombie (Lair:6)
  A merfolk siren (Lair:4)
  13 cane toads
  2 rime drakes
  2 unseen horrors (D:11)
  A gargoyle (D:12)
  A tengu conjurer (D:13)
  14 komodo dragons
  3 kobold demonologists
  9 demonic crawlers
  3 meliai (Spider:3)
  35 jumping spiders
  A polar bear (Lair:3)
  5 trolls
  4 slime creatures (D:13)
  Prince Ribbit (D:7)
  11 hornets
  A merfolk (Shoals:1)
  17 blink frogs
  2 spectral elephants (Lair:6)
  2 meliai zombies
  14 dream sheep
  8 wraiths
  3 vampires
  57 redbacks
  Eustachio (D:4)
  3 basilisks
  31 tarantellas
  42 yaks
  3 death yak simulacra (Lair:6)
  2 steam dragons
  2 wargs (Orc:2)
  A spectral cane toad (Lair:6)
  An acid dragon (D:10)
  12 water moccasins
  Duvessa (D:7)
  An elephant zombie (Lair:6)
  2 sky beasts
  41 orc warriors
  7 necrophages
  5 black bears
  5 wolves
  13 ogres
  3 elephant skeletons (Lair:6)
  A phantom (D:6)
  13 centaurs
  18 bullfrogs
  5 kobold brigands
  2 wyvern zombies
  2 gnoll sergeants (D:9)
  2 cane toad simulacra (Lair:6)
  Dowan (D:7)
  2 scorpions
  A water moccasin skeleton (D:5)
  2 elephant simulacra (Lair:6)
  3 wights (D:8)
  7 electric eels
  A howler monkey (D:9)
  A bullfrog zombie (D:5)
  3 hounds
  4 centaur zombies
  20 orc priests
  2 jellies (Lair:5)
  A gnoll shaman (D:9)
  4 bullfrog skeletons
  Terence (D:3)
  26 orc wizards
  11 hell rats
  A killer bee zombie (D:9)
  2 howler monkey zombies
  12 adders
  15 gnolls
  3 river rats (D:3)
  A shadow imp (D:7)
  A white imp (D:8)
  2 ufetubi (D:4)
  3 worms
  A dart slug (D:2)
  74 orcs
  4 endoplasms
  2 giant cockroaches
  10 goblins
  7 hobgoblins
  4 quokkas
  8 ball pythons
  6 bats
  4 frilled lizards
  29 kobolds
  8 rats
856 creatures vanquished.

Vanquished Creatures (collateral kills)
  3 orc warriors
  3 orcs (D:12)
6 creatures vanquished.

Vanquished Creatures (others)
  A hornet (Spider:1)
  4 dream sheep (D:7)
  An orc warrior (Orc:2)
  65 fungi
  114 plants
  24 withered plants
209 creatures vanquished.

Grand Total: 1071 creatures vanquished

Notes
Turn   | Place    | Note
-------+----------+-------------------------------------------
     0 | D:1      | robertstho the Draconian Berserker began the quest for the
                  | Orb.
     0 | D:1      | Reached XP level 1. HP: 19/19 MP: 1/1
   338 | D:1      | Reached XP level 2. HP: 26/26 MP: 2/2
   591 | D:1      | Reached XP level 3. HP: 31/33 MP: 3/3
   790 | D:1      | Reached skill level 4 in Fighting
  1155 | D:2      | Reached ** piety under Trog
  1184 | D:2      | Reached XP level 4. HP: 34/40 MP: 4/4
  1355 | D:2      | Reached skill level 1 in Stealth
  1847 | D:3      | Found a sacrificial altar of Ru.
  1851 | D:3      | Found a sparkling altar of Nemelex Xobeh.
  2226 | D:3      | Reached XP level 5. HP: 31/47 MP: 5/5
  2228 | D:3      | Found a faded altar of an unknown god.
  2403 | D:3      | Reached *** piety under Trog
  2638 | D:3      | Noticed Terence
  2648 | D:3      | Killed Terence
  2950 | D:4      | Found a white marble altar of Elyvilon.
  3015 | D:4      | Noticed Eustachio
  3054 | D:4      | Killed Eustachio
  3055 | D:4      | Reached XP level 6. HP: 15/55 MP: 6/6
  3652 | D:4      | Reached skill level 5 in Fighting
  3652 | D:4      | Reached skill level 5 in Axes
  3876 | D:4      | Your scales start taking on a pale cyan-grey colour.
  3876 | D:4      | Reached XP level 7. HP: 61/61 MP: 7/7
  3876 | D:4      | Gained mutation: You are immune to the effects of steam.
                  | [Pale Draconian growth]
  3879 | D:4      | Found a shadowy altar of Dithmenos.
  3925 | D:5      | Entered Level 5 of the Dungeon
  3962 | D:5      | Reached skill level 5 in Dodging
  4523 | D:5      | Reached XP level 8. HP: 70/70 MP: 8/8
  4878 | D:6      | Noticed a five-headed hydra
  4943 | D:6      | Reached skill level 6 in Fighting
  5078 | D:6      | Found Zimaxzut's Antique Armour Shoppe.
  5104 | D:6      | Bought a kite shield for 108 gold pieces
  5119 | D:6      | Found a snail-covered altar of Cheibriados.
  5229 | D:6      | Reached skill level 7 in Fighting
  5259 | D:6      | Reached XP level 9. HP: 79/79 MP: 9/9
  5429 | D:7      | Noticed Duvessa
  5429 | D:7      | Noticed Dowan
  5446 | D:7      | Killed Duvessa
  5448 | D:7      | Killed Dowan
  5493 | D:7      | Reached **** piety under Trog
  5609 | D:7      | Found a staircase to the Ecumenical Temple.
  5866 | D:7      | Noticed Prince Ribbit
  5890 | D:7      | Killed Prince Ribbit
  5891 | D:7      | Reached skill level 1 in Shields
  6208 | D:7      | Found a shimmering altar of Xom.
  6212 | D:7      | Reached skill level 8 in Fighting
  6490 | D:8      | Found Xefebew's Book Shoppe.
  6748 | D:8      | Found Lerch's CLEARANCE SALE!.
  6771 | D:8      | Bought a lightning rod (4/4) for 90 gold pieces
  6813 | D:8      | Reached XP level 10. HP: 86/86 MP: 10/10
  7507 | D:9      | Found an ornate altar of the Wu Jian Council.
  7526 | D:9      | Reached skill level 9 in Fighting
  7732 | D:9      | Found a burning altar of Makhleb.
  7735 | D:9      | Found a bloodstained altar of Trog.
  7980 | D:9      | Reached ***** piety under Trog
  8416 | D:9      | Noticed a deep elf zephyrmancer
  8429 | D:9      | Killed a deep elf zephyrmancer
  8670 | D:10     | Entered Level 10 of the Dungeon
  9221 | D:10     | Reached XP level 11. HP: 99/99 MP: 11/11
  9228 | D:10     | Reached skill level 10 in Axes
  9787 | D:11     | Reached skill level 10 in Fighting
  9846 | D:11     | Identified the ring of Viemep {EV+4 Str+2 Dex+6}
  9911 | D:11     | Found a staircase to the Lair.
  9944 | D:11     | Reached skill level 10 in Dodging
  9950 | D:11     | Received a gift from Trog
 10108 | D:11     | Found Ofopsor's Antique Armour Boutique.
 10706 | D:12     | Noticed a boulder beetle
 10716 | D:12     | Killed a boulder beetle
 10752 | D:12     | Reached skill level 5 in Shields
 10779 | D:12     | Noticed a boulder beetle
 10790 | D:12     | Killed a boulder beetle
 10876 | D:12     | Reached skill level 11 in Fighting
 11016 | D:12     | Found a staircase to the Orcish Mines.
 11116 | D:12     | Noticed a white ugly thing
 11127 | D:12     | Killed a white ugly thing
 11295 | D:12     | Noticed a seven-headed hydra
 11303 | D:12     | Killed a 12-headed hydra
 11304 | D:12     | Reached XP level 12. HP: 110/110 MP: 12/12
 11500 | D:13     | Noticed a five-headed hydra
 11608 | Lair:1   | Entered Level 1 of the Lair of Beasts
 11628 | Lair:1   | Noticed an eight-headed hydra
 11639 | Lair:1   | Killed a 13-headed hydra
 11727 | Lair:1   | Found a hazy altar of Hepliaklqana.
 12513 | Lair:2   | Reached skill level 12 in Fighting
 12800 | Lair:2   | Found a hole to the Spider Nest.
 12950 | Lair:2   | Received a gift from Trog
 12992 | Lair:2   | Found a blossoming altar of Fedhas.
 13601 | Lair:3   | Noticed a five-headed hydra
 13608 | Lair:3   | Killed an eight-headed hydra
 13686 | Lair:3   | Noticed a six-headed hydra
 13696 | Lair:3   | Reached XP level 13. HP: 119/119 MP: 13/13
 13808 | Lair:3   | Reached skill level 13 in Fighting
 15029 | Lair:4   | Reached skill level 14 in Fighting
 15121 | Lair:4   | Received a gift from Trog
 15260 | Lair:4   | Found a staircase to the Shoals.
 15589 | Lair:5   | Found a staircase to the Slime Pits.
 15609 | Lair:5   | Reached XP level 14. HP: 132/132 MP: 14/14
 15981 | Lair:6   | Entered Level 6 of the Lair of Beasts
 16258 | Lair:6   | Received a gift from Trog
 16406 | Lair:6   | Found a runed translucent door.
 16409 | Lair:6   | Noticed Tiah's ghost (journeyman TrMo)
 16582 | Lair:6   | Reached skill level 15 in Axes
 16776 | Lair:6   | Reached skill level 15 in Fighting
 17038 | Lair:6   | Reached ****** piety under Trog
 17508 | Lair:6   | Received a gift from Trog
 17740 | Lair:6   | Killed Tiah's ghost
 17963 | Orc:1    | Entered Level 1 of the Orcish Mines
 17980 | Orc:1    | Noticed Erica
 17990 | Orc:1    | Killed Erica
 18045 | Orc:1    | Found a transporter.
 18048 | Orc:1    | Noticed Dootley's ghost (journeyman FoFi)
 18057 | Orc:1    | Found a transporter.
 18082 | Orc:1    | Found Hisat's Armour Boutique.
 18107 | Orc:1    | Noticed Josephine
 18115 | Orc:1    | Killed Josephine
 18135 | Orc:1    | Reached XP level 15. HP: 143/143 MP: 15/15
 18386 | Orc:1    | Killed Dootley's ghost
 18387 | Orc:1    | Reached skill level 16 in Fighting
 18466 | Orc:2    | Entered Level 2 of the Orcish Mines
 18583 | Orc:2    | Received a gift from Trog
 18625 | Orc:2    | Paralysed by an orc sorcerer for 4 turns
 18865 | Orc:2    | Found a staircase to the Elven Halls.
 18936 | Orc:2    | Reached skill level 5 in Stealth
 19147 | Orc:2    | Found Hiunnopo's General Store.
 19147 | Orc:2    | Found Eqeareug's Weapon Shoppe.
 19149 | Orc:2    | Found Leowasiv's General Store.
 19151 | Orc:2    | Found Biufoss's General Store.
 19155 | Orc:2    | Bought a potion of invisibility for 88 gold pieces
 19155 | Orc:2    | Bought a scroll of identify for 22 gold pieces
 19155 | Orc:2    | Bought a potion of might for 44 gold pieces
 19159 | Orc:2    | Bought a scroll of holy word for 97 gold pieces
 19164 | Orc:2    | Bought a scroll of fear for 59 gold pieces
 19164 | Orc:2    | Bought a scroll of identify for 34 gold pieces
 19164 | Orc:2    | Bought a scroll of teleportation for 51 gold pieces
 19864 | Spider:1 | Entered Level 1 of the Spider Nest
 20088 | Spider:1 | Received a gift from Trog
 21178 | Spider:2 | Reached skill level 17 in Fighting
 21437 | Spider:2 | Identified the +3 whip "Rihaeteb" {vorpal, Dex+6}
 22276 | Spider:3 | Received a gift from Trog
 22353 | Spider:3 | Identified Roxanne's Disquisition on Shape Shifting
 22353 | Spider:3 | Noticed Roxanne
 22387 | Spider:3 | Killed Roxanne
 22435 | Spider:3 | Reached XP level 16. HP: 126/155 MP: 16/16
 23104 | Spider:4 | Entered Level 4 of the Spider Nest
 23104 | Spider:4 | Noticed Mlioglotl
 23144 | Spider:3 | Killed Mlioglotl
 23727 | Spider:4 | Reached skill level 15 in Dodging
 24462 | Spider:4 | Received a gift from Trog
 25788 | Spider:4 | Got a gossamer rune of Zot
 26180 | Shoals:1 | Entered Level 1 of the Shoals
 26207 | Shoals:1 | Reached skill level 18 in Fighting
 26310 | Shoals:1 | Mangled by an alligator snapping turtle

Illustrated notes

Levels and vault maps discovered:
D:1:      lightli_arrival_noodles, layout_loops_corners
D:2:      layout_loops_ring
D:3:      layout_loops_ring, grunt_temple_overflow_open,
          shapermc_ecumenical_altar_acropolis, lightli_sewer_entry_pipes,
          uniq_terence
D:4:      layout_loops_ring, lemuel_coloured_pillars_altar, elyvilon_altar_4,
          hangedman_minor_gate_pass, uniq_eustachio
D:5:      layout_gridville, solitary_fountain
D:6:      layout_rooms, nicolae_overflow_crystal_walls, serial_shops,
          nicolae_square_shop, kennysheep_dice
D:7:      layout_gridville, kb_xom_exploding_sheep, minmay_temple_entry_trees,
          chequers_serial_rivers_micro_d, uniq_prince_ribbit1, uniq_duvessa
D:8:      minmay_goldmine, layout_basic, serial_shops, shop,
          nicolae_shop_clearance
D:9:      layout_stronghold, nicolae_overflow_hidden_temple,
          mainiacjoe_overflow_catwalk_spiral, serial_undead, serial_undead_e,
          serial_undead_b, serial_undead_b, serial_undead_a,
          kennysheep_decorative_pillar, minmay_librarian
D:10:     layout_basic, special_room [special_room_orc]
D:11:     kennysheep_spiral_hall, layout_loops_ring,
          due_lair_maze_entry_diamond, serial_shops, nicolae_stop_n_shop_2
D:12:     layout_irregular_city, david_orc_4, minmay_between
D:13:     layout_basic, david_vaults_4
Lair:1:   layout_long_grid, basic_altar, serial_bayou_pond_c
Lair:2:   layout_chaotic_city, spider_nest_entry_a, tgw_fedhas
Lair:3:   nzn_winding_woodlands_small [nzn_winding_woodlands_5x15_sidewinder,
          nzn_winding_woodlands_center_pierced_h,
          nzn_winding_woodlands_5x15_river_crossing], layout_small_grid,
          grunt_megastairs_3
Lair:4:   minmay_lair_venomous_thicket, layout_loops_ring,
          minmay_shoals_entry_lonely_mermaid, serial_bayou_shore_a,
          lemuel_fruit_fields, infiniplex_staircase_pool_2
Lair:5:   layout_roguey, nicolae_slime_entry_slimehenge
Lair:6:   due_jungle_book, layout_layer_cave, ebering_ghost_inner_flame,
          hibernation_bobbens, infiniplex_staircase_pool
Shoals:1: layout_shoals, serial_shops, shop
Spider:1: layout_spider_delve, drop_trap
Spider:2: layout_spider_delve, drop_trap, nicolae_spider_bug_shape
Spider:3: layout_spider_delve, uniq_roxanne
Spider:4: grunt_spider_rune_parallel, spiders_nest_hornet_nest, uniq_mlioglotl
Orc:1:    layout_diamond_mine, serial_shops, nicolae_shop_crystal,
          gammafunk_ghost_arena, uniq_josephine, uniq_erica
Orc:2:    st_orc_rangers, layout_caves, basic_altar

Skill      XL: |  1  2  3  4  5  6  7  8  9 10 11 12 13 14 15 16 |
---------------+-------------------------------------------------+-----
Dodging        | 3 4 5 6 8 9 10 11 12 13 14 15 | 15.7
Fighting       | 4 5 7 8 9 11 12 14 15 17 18 | 18.0
Stealth        | 1 2 3 4 5 |  5.6
Axes           | 4 5 6 7 8 9 11 12 14 16 17 | 17.0
Shields        | 1 3 5 6 8 9 |  9.6

Action                   |  1- 3 |  4- 6 |  7- 9 | 10-12 | 13-15 | 16-18 || total
-------------------------+-------+-------+-------+-------+-------+-------++-------
Melee: Hand axe          |    97 |   232 |   393 |   400 |       |       ||  1122
       Tailslap          |    11 |    30 |    44 |   160 |   267 |   105 ||   617
       Broad axe         |       |       |       |    15 |   394 |       ||   409
       War axe           |       |       |       |   346 |   351 |   350 ||  1047
       Battleaxe         |       |       |       |    29 |   344 |       ||   373
Invok: Berserk           |       |     5 |     9 |    22 |    15 |     6 ||    57
       Trog's Hand       |       |     1 |     2 |     2 |       |       ||     5
       Brothers in Arms  |       |       |       |     2 |     2 |       ||     4
Evoke: Wand              |       |       |     2 |       |       |       ||     2
  Use: Potion            |       |     1 |     2 |     4 |     2 |     1 ||    10
       Scroll            |       |       |     6 |     9 |     9 |     4 ||    28
 Stab: Sleeping          |     2 |     3 |     2 |     8 |    13 |     2 ||    30
       Distracted        |       |       |       |       |     3 |       ||     3
Armor: Skin              |    39 |    86 |   198 |   413 |   311 |   140 ||  1187
Dodge: Dodged            |    74 |   158 |   218 |   650 |  1164 |   307 ||  2571
Block: Kite shield       |       |       |    67 |   456 |   357 |   320 ||  1200
       Reflection        |       |       |       |       |    19 |     2 ||    21

Table legend: (Time is in decaauts)
 A = Elapsed time spent in this place.
 B = Non-inter-level travel time spent in this place.
 C = Inter-level travel time spent in this place.
 D = Time resting spent in this place.
 E = Time spent auto-exploring this place.
 F = Levels seen in this place.
 G = Mean time per level.
                   A        B        C        D        E       F      G
               +--------+--------+--------+--------+--------+-----+--------+
         Total |  26864 |  25133 |   1731 |   3567 |  15569 |  26 | 1033.2 |
       Dungeon |  12258 |  11448 |    810 |   1446 |   6991 |  13 |  942.9 |
          Lair |   6465 |   6072 |    393 |    303 |   4408 |   6 | 1077.5 |
        Shoals |    136 |    136 |      0 |      0 |     43 |   1 |  136.0 |
   Spider Nest |   6246 |   5902 |    344 |   1764 |   3071 |   4 | 1561.5 |
  Orcish Mines |   1757 |   1575 |    182 |     53 |   1055 |   2 |  878.5 |
               +--------+--------+--------+--------+--------+-----+--------+

Top non-repeatable levels by time:
Spider:3: 2495 daAuts
Spider:4: 1807 daAuts
  Lair:6: 1784 daAuts
     D:9: 1733 daAuts
Spider:2: 1277 daAuts
     D:4: 1238 daAuts
     D:5: 1158 daAuts
    D:11: 1147 daAuts
  Lair:3: 1129 daAuts
   Orc:2: 1117 daAuts
     D:7: 1085 daAuts
  Lair:4: 1049 daAuts
  Lair:2: 1023 daAuts
     D:3: 1019 daAuts
    D:12: 1000 daAuts
